 Dungeon Crawl Stone Soup version 0.21.1-1-g345015f (webtiles) character file.

6642 tidbits the Magician (level 11, -1/84 HPs)
             Began as a Gnoll Skald on June 22, 2018.
             Was an Elder of Cheibriados.
             Slain by a skeletal warrior
             ... wielding a +0 war axe
             ... led by a death knight
              (22 damage)
             ... on level 11 of the Dungeon.
             The game lasted 00:29:39 (2139 turns).

tidbits the Magician (Gnoll Skald)                  Turns: 2139, Time: 00:29:40

Health: -1/84      AC:  6    Str: 23    XL:     11   Next: 2%
Magic:  14/22      EV: 19    Int: 28    God:    Cheibriados [****..]
Gold:   278        SH:  0    Dex: 23    Spells: 8/25 levels left

rFire    + . .     SeeInvis .   F - +1 dagger (elec)
rCold    + . .     Gourm    .   (no shield)
rNeg     . . .     Faith    .   B - +0 robe {rC+ rF+}
rPois    .         Spirit   .   E - +1 helmet
rElec    .         Reflect  .   (no cloak)
rCorr    .         Harm     .   G - +0 pair of gloves
MR       .....                  (no boots)
Stlth    +++++++...             (no amulet)
HPRegen  1.24/turn              m - ring of Shadows {Umbra +Inv Stlth+}
MPRegen  0.18/turn              (no ring)

@: singing, very slightly contaminated, regenerating, hasted and slowed,
wreathed by umbra, very slow
A: distributed training, fangs 1, strong nose
a: Bend Time, Temporal Distortion, Slouch, Renounce Religion, Evoke Invisibility


You were on level 11 of the Dungeon.
You worshipped Cheibriados.
Cheibriados was greatly pleased with you.
You were hungry.

You visited 3 branches of the dungeon, and saw 13 of its levels.

You collected 278 gold pieces.

Inventory:

Hand Weapons
 a - a +0 war axe
 b - a +2 dagger of protection
   (You took it off an orc on level 3 of the Dungeon)
 p - a +0 dagger
 u - a +0 flail
 D - a +1 hand axe
 F - a +1 dagger of electrocution (weapon)
   (You took it off a kobold on level 7 of the Dungeon)
 H - a +0 dagger of electrocution
   (You took it off an orc wizard on level 7 of the Dungeon)
 K - a +4 scimitar
Missiles
 l - 25 bolts
 t - 10 tomahawks (quivered)
 y - 95 arrows
Armour
 v - a +0 leather armour
 z - a +0 ring mail
 A - the +1 scale mail of Gestures {MP-9 Dex+7}
   (You found it on level 6 of the Dungeon)

   It affects your dexterity (+7).
   It affects your magic capacity (-9).
 B - a +0 robe of resistance (worn)
   (You found it on level 2 of the Dungeon)
 E - a +1 helmet (worn)
 G - a +0 pair of gloves (worn)
 M - a +0 helmet
 N - a +2 ring mail of fire resistance
   (You took it off an orc on level 10 of the Dungeon)
Jewellery
 m - the ring of Shadows (left hand) {Umbra +Inv Stlth+}
   (You found it on level 4 of the Dungeon)

   [ring of stealth]

   It lets you turn invisible.
   It makes you more stealthy.
Wands
 x - a wand of iceblast (6)
 J - a wand of paralysis (7)
 O - a wand of flame (14)
Scrolls
 e - 3 scrolls of teleportation
 f - 2 scrolls of immolation
 g - 2 scrolls of enchant weapon
 i - a scroll of amnesia
 j - a scroll of fear
 n - a scroll of blinking
 r - 5 scrolls of remove curse
 Q - a scroll of fog {unknown}
Potions
 h - 2 potions of brilliance {unknown}
 k - 2 potions of haste
 o - a potion of berserk rage
 C - 4 potions of heal wounds {unknown}
 I - a potion of ambrosia
 P - a potion of curing {unknown}
Books
 d - a book of Battle

   Spells                             Type                      Level
   a - Infusion                       Charms                       1
   b - Shroud of Golubria             Charms/Translocation         2
   c - Song of Slaying                Charms                       2
   d - Spectral Weapon                Hexes/Charms                 3
   e - Regeneration                   Charms/Necromancy            3
 q - a book of Minor Magic
   (You found it on level 3 of the Dungeon)

   Spells                             Type                      Level
   a - Magic Dart                     Conjuration                  1
   b - Blink                          Translocation                2
   c - Call Imp                       Summoning                    2
   d - Slow                           Hexes                        2
   e - Conjure Flame                  Conjuration/Fire             3
   f - Mephitic Cloud                 Conjuration/Poison/Air       3
 w - a book of Callings
   (You found it on level 6 of the Dungeon)

   Spells                             Type                      Level
   a - Summon Small Mammal            Summoning                    1
   b - Call Imp                       Summoning                    2
   c - Call Canine Familiar           Summoning                    3
   d - Summon Guardian Golem          Hexes/Summoning              3
   e - Summon Lightning Spire         Summoning/Air                4
   f - Summon Ice Beast               Ice/Summoning                4
Comestibles
 c - 9 rations


   Skills:
 + Level 7.4 Fighting
 + Level 5.7 Short Blades
 + Level 5.7 Long Blades
 + Level 7.4 Axes
 + Level 5.7 Maces & Flails
 + Level 5.7 Polearms
 + Level 5.7 Staves
 + Level 5.7 Slings
 + Level 5.7 Bows
 + Level 5.7 Crossbows
 + Level 5.7 Throwing
 + Level 6.3 Armour
 + Level 7.4 Dodging
 + Level 5.7 Stealth
 + Level 5.7 Shields
 + Level 5.7 Unarmed Combat
 + Level 7.7 Spellcasting
 + Level 4.7 Conjurations
 + Level 4.7 Hexes
 + Level 7.3 Charms
 + Level 4.7 Summonings
 + Level 4.7 Necromancy
 + Level 4.7 Translocations
 + Level 4.7 Transmutations
 + Level 4.7 Fire Magic
 + Level 4.7 Ice Magic
 + Level 4.7 Air Magic
 + Level 4.7 Earth Magic
 + Level 4.7 Poison Magic
 + Level 6.3 Invocations
 + Level 5.7 Evocations


You had 8 spell levels left.
You knew the following spells:

 Your Spells              Type           Power        Failure   Level  Hunger
b - Blink                 Tloc           N/A          1%          2    None
g - Shroud of Golubria    Chrm/Tloc      #####.....   1%          2    None
i - Infusion              Chrm           ####         1%          1    None
r - Regeneration          Chrm/Necr      #####.....   1%          3    None
w - Spectral Weapon       Hex/Chrm       #####...     1%          3    None
y - Song of Slaying       Chrm           ######..     1%          2    None
L - Summon Lightning Spi  Summ/Air       #####...     7%          4    ##.....


Dungeon Overview and Level Annotations

Branches:
Dungeon (11/15)            Temple (1/1) D:6            Lair (1/6) D:10
    Orc: D:9-12

Altars:
Ashenzari
Cheibriados
Elyvilon
Nemelex Xobeh
Sif Muna
Trog
Uskayaw
Xom
Zin

Annotations:
D:3 DerDrache's ghost, amateur MiBe


Innate Abilities, Weirdness & Mutations

Your experience applies equally to all skills.
You have very sharp teeth.
Your uncanny sense of smell can sniff out nearby items.


Message History

Press: ? - help, Shift-Dir - straight line, f - freezing wraith
Aim: a freezing wraith (moderately damaged, umbra, chance to defeat MR: 45%)
The freezing wraith resists with some effort.
The freezing wraith hits you.
* * * LOW HITPOINT WARNING * * *
The freezing wraith freezes you!
* * * LOW HITPOINT WARNING * * *
The freezing wraith completely misses you.
Evoke which item? (* to show all) (? for menu, Esc to quit)
Aiming: Paralyse
Press: ? - help, Shift-Dir - straight line, f/p - freezing wraith
Aim: a freezing wraith (moderately damaged, umbra, chance to defeat MR: 45%)
The freezing wraith suddenly stops moving!
The helpless freezing wraith fails to defend itself.
You stick the freezing wraith like a pincushion!!!
Lightning courses through the freezing wraith!
You destroy the freezing wraith!
You have reached level 11!
You flicker back into view.
Your skin stops crawling.
Casting: Regeneration
Confirm with . or Enter, or press ? or * to list all spells.
Your skin crawls.
The wraith hits you but does no damage. x2
You hit the wraith. Lightning courses through the wraith! You punch the wraith.
The wraith is almost destroyed.
The wraith hits you.
* * * LOW HITPOINT WARNING * * *
The wraith drains your vigour!
You feel as though you will be slow longer.
You hit the wraith but do no damage.
The wraith is almost destroyed.
The wraith hits you but does no damage.
You miss the wraith.
The wraith is almost destroyed.
You feel less wooden.
Your +1 helmet unmelds from your body.
Your +0 pair of gloves unmelds from your body.
Your +0 robe of resistance unmelds from your body.
You feel resistant to extremes of temperature.
The wraith misses you.
You hit the wraith.
You destroy the wraith!
Cheibriados appreciates the change of pace.
The skeletal warrior misses you.
The skeletal warrior hits you with a war axe.
* * * LOW HITPOINT WARNING * * *
Press: ? - help, v - describe, . - travel, g - get item
Here: a skeletal warrior, wielding a war axe (umbra)
A battleaxe.
There is something else lying underneath.
The floor, spattered with blood.
Press: ? - help, v - describe, . - travel, g - get item
Here: a skeletal warrior, wielding a war axe (umbra)
A battleaxe.
There is something else lying underneath.
The floor, spattered with blood.
Unknown command.
Evoke which item? (* to show all) (? for menu, Esc to quit)
Aiming: Corrosive Bolt
Press: ? - help, Shift-Dir - straight line, f - skeletal warrior
Aim: a skeletal warrior, wielding a war axe (umbra)
The bolt of acid hits the skeletal warrior.
The skeletal warrior is splashed with acid.
The skeletal warrior is heavily damaged.
The now-empty wand crumbles to dust.
The skeletal warrior closely misses you.
Casting: Regeneration
Confirm with . or Enter, or press ? or * to list all spells.
You draw out your weapon's spirit!
The skeletal warrior closely misses you.
The skeletal warrior closely misses your spectral weapon.
You miss the skeletal warrior.
The skeletal warrior is heavily damaged.
Your spectral weapon hits the skeletal warrior but does no damage.
The skeletal warrior barely misses you.
The skeletal warrior hits your spectral weapon but does no damage.
You hit the skeletal warrior but do no damage.
The skeletal warrior is heavily damaged.
Your spectral weapon barely misses the skeletal warrior.
The skeletal warrior barely misses you.
The skeletal warrior hits your spectral weapon with a war axe!
Your spectral weapon shares its damage with you!
* * * LOW HITPOINT WARNING * * *
You hit the skeletal warrior but do no damage.
The skeletal warrior is heavily damaged.
Your spectral weapon hits the skeletal warrior but does no damage.
The skeletal warrior hits you with a war axe!
* * * LOW HITPOINT WARNING * * *
The skeletal warrior barely misses your spectral weapon.
You hit the skeletal warrior but do no damage.
The skeletal warrior is moderately damaged.
Your spectral weapon barely misses the skeletal warrior.
The skeletal warrior completely misses you.
The skeletal warrior hits your spectral weapon with a war axe!
Your spectral weapon shares its damage with you!
* * * LOW HITPOINT WARNING * * *
It was a potion of haste.
You feel yourself speed up.
Cheibriados forgives your accidental hurry, just this once.
The skeletal warrior hits you with a war axe!!
You die...

###################
......(z@.........#######
.......##########...#....
....... ###...... .......
##..... ..$.(.. ##....
....... #.... .......
#.... .y..... #....
......


You could see a skeletal warrior and a friendly spectral dagger of
electrocution.

Vanquished Creatures
  A death knight (D:11)
  2 two-headed ogres (D:11)
  A cyclops (D:10)
  2 freezing wraiths (D:11)
  A hippogriff (D:10)
  A wraith (D:11)
  A hungry ghost (D:10)
  3 porcupines (D:10)
  5 black bears
  A sky beast (D:10)
  A necrophage (D:8)
  3 orc warriors
  4 ogres
  4 centaurs
  A big kobold (D:7)
  5 bullfrogs
  3 scorpions
  3 killer bees (D:11)
  2 crimson imps
  2 jellies
  A gnoll shaman (D:7)
  4 hounds
  An orc priest (D:10)
  An iguana (D:5)
  6 orc wizards
  5 worker ants
  The ghost of tidbits the Charmwright, a weakling GnSk (D:4)
  A hound zombie (D:5)
  Robin (D:3)
  A howler monkey zombie (D:10)
  5 gnolls (D:7)
  A worker ant zombie (D:11)
  5 adders
  A shadow imp (D:5)
  An ooze (D:4)
  2 dart slugs
  47 orcs
  A ball python (D:2)
  3 giant cockroaches
  9 goblins
  7 hobgoblins (D:3)
  8 jackals
  2 quokkas
  5 bats
  A frilled lizard (D:2)
  9 kobolds
  7 rats
182 creatures vanquished.

Vanquished Creatures (others)
  A jelly (D:7)
  11 fungi (D:10)
  2 plants (D:10)
  2 spectral weapons
16 creatures vanquished.

Grand Total: 198 creatures vanquished

Notes
Turn   | Place    | Note
-------+----------+-------------------------------------------
     0 | D:1      | tidbits the Gnoll Skald began the quest for the Orb.
     0 | D:1      | Reached XP level 1. HP: 20/20 MP: 6/6
    46 | D:1      | Reached XP level 2. HP: 25/26 MP: 0/7
    50 | D:1      | Learned a level 2 spell: Song of Slaying
   157 | D:2      | Learned a level 2 spell: Shroud of Golubria
   280 | D:2      | Reached skill level 5 in Spellcasting
   280 | D:2      | Reached XP level 3. HP: 24/31 MP: 7/9
   285 | D:2      | Learned a level 3 spell: Regeneration
   289 | D:2      | Learned a level 3 spell: Spectral Weapon
   339 | D:3      | Noticed Robin
   346 | D:3      | Reached skill level 1 in Invocations
   349 | D:3      | Killed Robin
   349 | D:3      | Reached skill level 1 in Short Blades
   349 | D:3      | Reached skill level 1 in Long Blades
   349 | D:3      | Reached skill level 1 in Maces & Flails
   349 | D:3      | Reached skill level 1 in Polearms
   349 | D:3      | Reached skill level 1 in Staves
   349 | D:3      | Reached skill level 1 in Slings
   349 | D:3      | Reached skill level 1 in Bows
   349 | D:3      | Reached skill level 1 in Crossbows
   349 | D:3      | Reached skill level 1 in Throwing
   349 | D:3      | Reached skill level 1 in Stealth
   349 | D:3      | Reached skill level 1 in Shields
   349 | D:3      | Reached skill level 1 in Unarmed Combat
   349 | D:3      | Reached skill level 1 in Evocations
   352 | D:3      | Reached XP level 4. HP: 22/38 MP: 6/11
   411 | D:3      | Learned a level 2 spell: Blink
   565 | D:5      | Entered Level 5 of the Dungeon
   637 | D:4      | Found the ring of Shadows {Umbra +Inv Stlth+}
   651 | D:4      | Reached skill level 1 in Conjurations
   651 | D:4      | Reached skill level 1 in Hexes
   651 | D:4      | Reached skill level 1 in Summonings
   651 | D:4      | Reached skill level 1 in Necromancy
   651 | D:4      | Reached skill level 1 in Translocations
   651 | D:4      | Reached skill level 1 in Transmutations
   651 | D:4      | Reached skill level 1 in Fire Magic
   651 | D:4      | Reached skill level 1 in Ice Magic
   651 | D:4      | Reached skill level 1 in Air Magic
   651 | D:4      | Reached skill level 1 in Earth Magic
   651 | D:4      | Reached skill level 1 in Poison Magic
   673 | D:4      | Noticed tidbits's ghost (weakling GnSk)
   692 | D:4      | Killed tidbits's ghost
   692 | D:4      | Reached XP level 5. HP: 43/43 MP: 1/12
   845 | D:3      | Noticed DerDrache's ghost (amateur MiBe)
   871 | D:5      | Reached skill level 3 in Armour
   964 | D:6      | Reached skill level 2 in Invocations
   964 | D:6      | Reached XP level 6. HP: 43/50 MP: 5/13
   978 | D:6      | Found a staircase to the Ecumenical Temple.
   982 | D:6      | Noticed an orc warrior
   988 | Temple   | Entered the Ecumenical Temple
  1013 | Temple   | Became a worshipper of Cheibriados the Contemplative
  1052 | D:6      | Noticed a black bear
  1074 | Temple   | Killed a black bear
  1074 | Temple   | Reached skill level 5 in Fighting
  1074 | Temple   | Reached skill level 2 in Short Blades
  1074 | Temple   | Reached skill level 2 in Long Blades
  1074 | Temple   | Reached skill level 5 in Axes
  1074 | Temple   | Reached skill level 2 in Maces & Flails
  1074 | Temple   | Reached skill level 2 in Polearms
  1074 | Temple   | Reached skill level 2 in Staves
  1074 | Temple   | Reached skill level 2 in Slings
  1074 | Temple   | Reached skill level 2 in Bows
  1074 | Temple   | Reached skill level 2 in Crossbows
  1074 | Temple   | Reached skill level 2 in Throwing
  1074 | Temple   | Reached skill level 5 in Dodging
  1074 | Temple   | Reached skill level 2 in Stealth
  1074 | Temple   | Reached skill level 2 in Shields
  1074 | Temple   | Reached skill level 2 in Unarmed Combat
  1074 | Temple   | Reached skill level 2 in Evocations
  1126 | D:6      | Got a bloodstained scale mail
  1137 | D:6      | Identified the +1 scale mail of Gestures {MP-9 Dex+7} (You found it on level 6 of the Dungeon)
  1171 | D:5      | Reached XP level 7. HP: 53/56 MP: 6/15
  1198 | D:7      | Noticed a two-headed ogre
  1237 | D:7      | Reached * piety under Cheibriados
  1242 | D:7      | Reached skill level 2 in Conjurations
  1242 | D:7      | Reached skill level 2 in Hexes
  1242 | D:7      | Reached skill level 2 in Summonings
  1242 | D:7      | Reached skill level 2 in Necromancy
  1242 | D:7      | Reached skill level 2 in Translocations
  1242 | D:7      | Reached skill level 2 in Transmutations
  1242 | D:7      | Reached skill level 2 in Fire Magic
  1242 | D:7      | Reached skill level 2 in Ice Magic
  1242 | D:7      | Reached skill level 2 in Air Magic
  1242 | D:7      | Reached skill level 2 in Earth Magic
  1242 | D:7      | Reached skill level 2 in Poison Magic
  1265 | D:7      | Reached skill level 3 in Invocations
  1328 | D:8      | Reached skill level 6 in Charms
  1328 | D:8      | Reached XP level 8. HP: 59/63 MP: 8/16
  1440 | D:8      | Reached skill level 3 in Short Blades
  1440 | D:8      | Reached skill level 3 in Long Blades
  1440 | D:8      | Reached skill level 3 in Maces & Flails
  1440 | D:8      | Reached skill level 3 in Polearms
  1440 | D:8      | Reached skill level 3 in Staves
  1440 | D:8      | Reached skill level 3 in Slings
  1440 | D:8      | Reached skill level 3 in Bows
  1440 | D:8      | Reached skill level 3 in Crossbows
  1440 | D:8      | Reached skill level 3 in Throwing
  1440 | D:8      | Reached skill level 4 in Armour
  1440 | D:8      | Reached skill level 3 in Stealth
  1440 | D:8      | Reached skill level 3 in Shields
  1440 | D:8      | Reached skill level 3 in Unarmed Combat
  1440 | D:8      | Reached skill level 3 in Evocations
  1518 | D:8      | Learned a level 4 spell: Summon Lightning Spire
  1535 | D:7      | Reached skill level 6 in Spellcasting
  1550 | D:7      | HP: 6/64 [bullfrog (5)]
  1550 | D:7      | HP: 1/64 [bullfrog (5)]
  1619 | D:9      | Reached skill level 4 in Invocations
  1665 | D:10     | Entered Level 10 of the Dungeon
  1665 | D:10     | Noticed a hippogriff
  1673 | D:10     | Killed a hippogriff
  1673 | D:10     | Reached ** piety under Cheibriados
  1673 | D:10     | Reached skill level 6 in Fighting
  1673 | D:10     | Reached skill level 6 in Axes
  1673 | D:10     | Reached skill level 6 in Dodging
  1673 | D:10     | Reached skill level 3 in Conjurations
  1673 | D:10     | Reached skill level 3 in Hexes
  1673 | D:10     | Reached skill level 3 in Summonings
  1673 | D:10     | Reached skill level 3 in Necromancy
  1673 | D:10     | Reached skill level 3 in Translocations
  1673 | D:10     | Reached skill level 3 in Transmutations
  1673 | D:10     | Reached skill level 3 in Fire Magic
  1673 | D:10     | Reached skill level 3 in Ice Magic
  1673 | D:10     | Reached skill level 3 in Air Magic
  1673 | D:10     | Reached skill level 3 in Earth Magic
  1673 | D:10     | Reached skill level 3 in Poison Magic
  1673 | D:10     | Reached XP level 9. HP: 57/69 MP: 11/18
  1716 | D:10     | Reached skill level 4 in Short Blades
  1716 | D:10     | Reached skill level 4 in Long Blades
  1716 | D:10     | Reached skill level 4 in Maces & Flails
  1716 | D:10     | Reached skill level 4 in Polearms
  1716 | D:10     | Reached skill level 4 in Staves
  1716 | D:10     | Reached skill level 4 in Slings
  1716 | D:10     | Reached skill level 4 in Bows
  1716 | D:10     | Reached skill level 4 in Crossbows
  1716 | D:10     | Reached skill level 4 in Throwing
  1716 | D:10     | Reached skill level 4 in Stealth
  1716 | D:10     | Reached skill level 4 in Shields
  1716 | D:10     | Reached skill level 4 in Unarmed Combat
  1716 | D:10     | Reached skill level 4 in Evocations
  1732 | D:10     | Reached skill level 5 in Armour
  1754 | D:10     | Found a staircase to the Lair.
  1767 | D:10     | Reached skill level 5 in Invocations
  1771 | Lair:1   | Entered Level 1 of the Lair of Beasts
  1791 | D:10     | Noticed a cyclops
  1801 | D:10     | Killed a cyclops
  1801 | D:10     | Reached skill level 7 in Spellcasting
  1801 | D:10     | Reached XP level 10. HP: 39/77 MP: 3/20
  1813 | D:10     | Reached skill level 4 in Conjurations
  1813 | D:10     | Reached skill level 4 in Hexes
  1813 | D:10     | Reached skill level 4 in Summonings
  1813 | D:10     | Reached skill level 4 in Necromancy
  1813 | D:10     | Reached skill level 4 in Translocations
  1813 | D:10     | Reached skill level 4 in Transmutations
  1813 | D:10     | Reached skill level 4 in Fire Magic
  1813 | D:10     | Reached skill level 4 in Ice Magic
  1813 | D:10     | Reached skill level 4 in Air Magic
  1813 | D:10     | Reached skill level 4 in Earth Magic
  1813 | D:10     | Reached skill level 4 in Poison Magic
  1846 | D:10     | Reached *** piety under Cheibriados
  1975 | D:11     | Noticed a two-headed ogre
  1982 | D:11     | Noticed a two-headed ogre
  1982 | D:11     | Killed a two-headed ogre
  1982 | D:11     | Reached skill level 5 in Short Blades
  1982 | D:11     | Reached skill level 5 in Long Blades
  1982 | D:11     | Reached skill level 5 in Maces & Flails
  1982 | D:11     | Reached skill level 5 in Polearms
  1982 | D:11     | Reached skill level 5 in Staves
  1982 | D:11     | Reached skill level 5 in Slings
  1982 | D:11     | Reached skill level 5 in Bows
  1982 | D:11     | Reached skill level 5 in Crossbows
  1982 | D:11     | Reached skill level 5 in Throwing
  1982 | D:11     | Reached skill level 5 in Stealth
  1982 | D:11     | Reached skill level 5 in Shields
  1982 | D:11     | Reached skill level 5 in Unarmed Combat
  1982 | D:11     | Reached skill level 7 in Charms
  1982 | D:11     | Reached skill level 5 in Evocations
  1989 | D:11     | Killed a two-headed ogre
  1989 | D:11     | Reached skill level 7 in Fighting
  1989 | D:11     | Reached skill level 7 in Axes
  1989 | D:11     | Reached skill level 7 in Dodging
  2019 | D:11     | Reached skill level 6 in Armour
  2031 | D:11     | Found a hide-covered altar of Uskayaw.
  2092 | D:11     | Noticed a death knight
  2098 | D:11     | Noticed a skeletal warrior
  2100 | D:11     | Reached **** piety under Cheibriados
  2115 | D:11     | Killed a death knight
  2115 | D:11     | Reached skill level 6 in Invocations
  2126 | D:11     | Reached XP level 11. HP: 39/84 MP: 17/22
  2139 | D:11     | Slain by a skeletal warrior

Skill      XL: |  1  2  3  4  5  6  7  8  9 10 |
---------------+-------------------------------+-----
Spellcasting   | 5 6 7 |  7.7
Invocations    | 1 2 3 4 5 6 |  6.3
Short Blades   | 1 2 3 4 5 |  5.7
Long Blades    | 1 2 3 4 5 |  5.7
Maces & Flails | 1 2 3 4 5 |  5.7
Polearms       | 1 2 3 4 5 |  5.7
Staves         | 1 2 3 4 5 |  5.7
Slings         | 1 2 3 4 5 |  5.7
Bows           | 1 2 3 4 5 |  5.7
Crossbows      | 1 2 3 4 5 |  5.7
Throwing       | 1 2 3 4 5 |  5.7
Stealth        | 1 2 3 4 5 |  5.7
Shields        | 1 2 3 4 5 |  5.7
Unarmed Combat | 1 2 3 4 5 |  5.7
Evocations     | 1 2 3 4 5 |  5.7
Conjurations   | 1 2 3 4 |  4.7
Hexes          | 1 2 3 4 |  4.7
Summonings     | 1 2 3 4 |  4.7
Necromancy     | 1 2 3 4 |  4.7
Translocations | 1 2 3 4 |  4.7
Transmutations | 1 2 3 4 |  4.7
Fire Magic     | 1 2 3 4 |  4.7
Ice Magic      | 1 2 3 4 |  4.7
Air Magic      | 1 2 3 4 |  4.7
Earth Magic    | 1 2 3 4 |  4.7
Poison Magic   | 1 2 3 4 |  4.7
Armour         | 3 4 5 6 |  6.3
Fighting       | 5 6 7 |  7.4
Axes           | 5 6 7 |  7.4
Dodging        | 5 6 7 |  7.4
Charms         | 6 7 |  7.3

Action                   |  1- 3 |  4- 6 |  7- 9 | 10-12 || total
-------------------------+-------+-------+-------+-------++-------
Melee: Hand axe          |    65 |    61 |       |       ||   126
       Bite              |     4 |    14 |    13 |     9 ||    40
       Dagger            |       |    52 |     5 |    30 ||    87
       Flail             |       |     6 |       |       ||     6
       War axe           |       |       |    94 |    58 ||   152
       Punch             |       |       |     5 |     2 ||     7
Throw: Tomahawk          |       |       |     9 |     8 ||    17
 Cast: Infusion          |     2 |       |       |       ||     2
       Song of Slaying   |     6 |     8 |     8 |     7 ||    29
       Spectral Weapon   |     1 |    15 |    16 |     9 ||    41
       Regeneration      |       |     6 |     9 |     2 ||    17
       Shroud of Golubri |       |     2 |     2 |     1 ||     5
 Abil: Evoke Invisibilit |       |     2 |     3 |     1 ||     6
Evoke: Wand              |       |     2 |     7 |     6 ||    15
  Use: Scroll            |       |     9 |     2 |       ||    11
       Potion            |       |       |       |     2 ||     2
 Stab: Invisible         |       |     6 |    19 |     6 ||    31
       Sleeping          |       |     2 |     1 |     1 ||     4
       Paralysed         |       |       |     2 |     2 ||     4
  Eat: Chunk             |       |     4 |     3 |     1 ||     8
Armor: Leather armour    |    15 |       |       |       ||    15
       Robe              |       |    23 |    19 |     3 ||    45
       Skin              |       |       |       |    15 ||    15
Dodge: Dodged            |    62 |   111 |   163 |    47 ||   383

Table legend:
 A = Turns spent in this place as a percentage of turns spent in the entire game.
 B = Non-inter-level travel turns spent in this place as a percentage of non-inter-level travel turns spent in the entire game.
 C = Inter-level travel turns spent in this place as a percentage of turns spent in this place.
 D = Turns resting spent in this place as a percentage of non-inter-level travel turns spent in this place.
 E = Turns spent auto-exploring this place as a percentage of non-inter-level travel turns spent in this place.
 F = Non-inter-level travel turns spent in this place divided by the number of levels of this place that you've seen.
                   A       B       C       D       E      F
               +-------+-------+-------+-------+-------+----------------------
         Total | 100.0 | 100.0 |   1.4 |   0.0 |   0.0 | 162.2
       Dungeon |  96.8 |  97.9 |   0.3 |   0.0 |   0.0 | 187.6
        Temple |   3.1 |   2.0 |  35.8 |   0.0 |   0.0 |  43.0
          Lair |   0.1 |   0.1 |   0.0 |   0.0 |   0.0 |   2.0
               +-------+-------+-------+-------+-------+----------------------

Table legend:
 A = Kills in this place as a percentage of kills in entire the game.
 B = Kills by you in this place as a percentage of kills by you in the entire game.
 C = Kills by friends in this place as a percentage of kills by friends in the entire game.
 D = Other kills in this place as a percentage of other kills in the entire game.
 E = Experience gained in this place as a percentage of experience gained in the entire game.
 F = Experience gained in this place divided by the number of levels of this place that you have seen.
                   A       B       C       D       E      F
               +-------+-------+-------+-------+-------+----------------------
         Total | 100.0 | 100.0 |   N/A | 100.0 | 100.0 | 729.9
       Dungeon |  99.5 |  99.5 |   N/A | 100.0 |  98.6 | 850.3
        Temple |   0.5 |   0.5 |   N/A |   0.0 |   1.4 | 136.0
               +-------+-------+-------+-------+-------+----------------------

Vault maps used:
D:1:      dpeg_arrival_ternary, minmay_strange_pillars, item_on_display_a
D:2:      first_ration, uniq_sigmund, uniq_natasha, uniq_terence
D:3:      gup_sewer_entry_bubbles, minmay_surrounded, uniq_robin
D:5:      basic_altar, grunt_decor_arrowhead, grunt_ministairs_1, tgw_fedhas,
          uniq_pikel, uniq_prince_ribbit1, uniq_ijyb
D:6:      minmay_temple_entry_grid, grunt_ministairs_6, minmay_misc_feat_columns
D:7:      kennysheep_mini_moat, grunt_ogre_cave, lemuel_angel_altar
D:8:      okawaru_humans
D:9:      minitemple
D:10:     due_lair_maze_entry_diamond, st_stairs_14, uniq_maurice
D:11:     basic_altar, portal_ice_cave_entry_imps, kennysheep_pointless_box,
          billiards_dpeg
Temple:   regret_index_temple_sphere_string
Lair:1:   serial_bayou_pond_e, hangedman_lair_unloving_vines
